 Dungeon Crawl Stone Soup version 0.25-a0-975-gcae8493d64 (webtiles) character file.

Game seed: 13196609512487260989, levelgen mode: deterministic

375768 Flugslaktarn the Impregnable (level 21, -14/327 HPs)
             Began as a Deep Dwarf Fighter on May 10, 2020.
             Was a High Priest of Uskayaw.
             Demolished by a storm dragon (16 damage)
             ... on level 4 of the Realm of Zot.
             The game lasted 00:24:45 (23284 turns).

Flugslaktarn the Impregnable (Deep Dwarf Fighter)  Turns: 23284, Time: 00:24:46

Health: -14/327    AC: 40    Str: 24    XL:     21   Next: 44%
Magic:  0/0        EV:  7    Int: 14    God:    Uskayaw [*****.]
Gold:   3207       SH: 22    Dex: 19    Spells: 20/20 levels left

rFire    + + .     SeeInvis .   a - +6 demon whip (vamp)
rCold    + + .     Gourm    .   n - +2 shield of Resistance {rF+ rC+ MR+}
rNeg     + . .     Faith    .   F - +8 plate armour {rF+}
rPois    +         Spirit   .   s - +2 helmet
rElec    .         Reflect  +   N - +0 cloak {rPois}
rCorr    +         Harm     .   f - +2 pair of gloves
MR       +++++                  H - +0 pair of boots "Jibah" {MR+++ rCorr Dex+2 Stlth-} (curse)
Stlth    ..........             y - +5 amulet of reflection
HPRegen  0.00/turn              j - +3 ring of slaying
MPRegen  0.07/turn              D - ring of Jaeguug {rC+ Int+4 Slay+6}

@: berserking (expiring), non-regenerating, slowed, constricted
A: damage resistance, heal wounds, talons 1, repulsion field 1, negative energy
resistance 1, sense surroundings 3, no regeneration
}: 3/15 runes: barnacled, slimy, gossamer
a: Heal Wounds, Stomp, Line Pass, Grand Finale, Renounce Religion


You were on level 4 of the Realm of Zot.
You worshipped Uskayaw.
Uskayaw was pleased with you.
You were not hungry.

You visited 9 branches of the dungeon, and saw 46 of its levels.
You also visited: Ice Cave, Volcano and Wizlab.

You collected 3649 gold pieces.
You spent 442 gold pieces at shops.

Inventory:

Hand Weapons
 a - a +6 vampiric demon whip (weapon)
   (You took it off a torturous demonspawn on level 2 of the Orcish Mines)
Missiles
 G - 4 throwing nets (quivered)
Armour
 f - a +2 pair of gloves (worn)
   (You found it on level 4 of the Dungeon)
 n - the +2 shield of Resistance (worn) {rF+ rC+ MR+}
   (You found it on level 13 of the Dungeon)

   It protects you from fire.
   It protects you from cold.
   It affects your resistance to hostile enchantments.
 s - a +2 helmet (worn)
   (You found it on level 5 of the Dungeon)
 F - a +8 plate armour of fire resistance (worn)
   (You found it in a volcano)
 H - the cursed +0 pair of boots "Jibah" (worn) {MR+++ rCorr Dex+2 Stlth-}
   (You found it on level 3 of the Lair of Beasts)

   It affects your dexterity (+2).
   It affects your resistance to hostile enchantments.
   It provides partial protection from all sources of acid and corrosion.
   It makes you less stealthy.
   It has a curse placed upon it.
 N - a +0 cloak of poison resistance (worn)
   (You took it off a draconian monk on level 5 of the Depths)
Jewellery
 c - a +4 ring of strength
   (You found it on level 2 of the Lair of Beasts)
 j - a +3 ring of slaying (left hand)
   (You found it on level 5 of the Pits of Slime)
 k - an uncursed ring of resist corrosion
   (You found it on level 6 of the Dungeon)
 y - a +5 amulet of reflection (around neck)
   (You found it on level 12 of the Dungeon)
 D - the ring of Jaeguug (right hand) {rC+ Int+4 Slay+6}
   (You found it in an ice cave)

   [ring of protection from cold]

   It affects your intelligence (+4).
   It affects your accuracy and damage with ranged weapons and melee attacks
   (+6).
   It protects you from cold.
 L - the amulet of Okhlos {Harm *Drain rPois rF- Int+4}
   (You found it on level 6 of the Lair of Beasts)

   [amulet of harm]

   It increases damage dealt and taken.
   It affects your intelligence (+4).
   It makes you vulnerable to fire.
   It protects you from poison.
   It causes draining when unequipped.
Wands
 l - a wand of iceblast (16)
   (You found it on level 10 of the Dungeon)
 v - a wand of digging (13)
   (You took it off Maurice on level 2 of the Orcish Mines)
 C - a wand of clouds (7)
   (You found it on level 2 of the Lair of Beasts)
 J - a wand of paralysis (25)
   (You found it on level 3 of the Lair of Beasts)
 P - a wand of enslavement (8)
   (You found it on level 3 of the Depths)
 T - a wand of acid (21)
   (You found it on level 5 of the Pits of Slime)
Scrolls
 o - a scroll of fear
 p - a scroll of magic mapping
 r - 13 scrolls of identify
 t - a scroll of teleportation
 x - 6 scrolls of remove curse
 z - a scroll of blinking
 A - a scroll of fog
 I - a scroll of immolation
 K - a scroll of holy word
 M - 2 scrolls of vulnerability
 R - 6 scrolls of summoning
Potions
 b - 5 potions of lignification
 g - 5 potions of berserk rage
 h - 3 potions of haste
 m - 11 potions of mutation
 q - 8 potions of curing
 u - 2 potions of cancellation
 w - 4 potions of heal wounds
 E - 4 potions of flight
 Q - 6 potions of ambrosia
Comestibles
 e - 33 rations
 i - 2 chunks of flesh


   Skills:
 + Level 19.8 Fighting
   Level 15.2(15.9) Axes
 - Level 7.8(12.0) Maces & Flails
 + Level 22.7 Armour
 - Level 15.0 Shields
 - Level 15.0 Invocations


You had 20 spell levels left.
You didn't know any spells.
Your spell library was empty.

Dungeon Overview and Level Annotations

Branches:
Dungeon (15/15)            Temple (1/1) D:6            Lair (6/6) D:10
 Shoals (4/4) Lair:2       Spider (4/4) Lair:3        Slime (5/5) Lair:6
    Orc (2/2) D:12            Elf (0/3) Orc:2        Vaults (0/5) D:13
 Depths (5/5) D:15            Zot (4/5) Depths:5      IceCv (visited)
Volcano (visited)          WizLab (visited)

Altars:
Ashenzari
Cheibriados
Dithmenos
Elyvilon
Fedhas
Gozag
Hepliaklqana
Kikubaaqudgha
Makhleb
Nemelex Xobeh
Okawaru
Qazlal
Ru
Sif Muna
Trog
Uskayaw
Vehumet
Wu Jian
Xom
Yredelemnul
Zin
The Shining One
Beogh
Jiyva

Shops:
D:7 %   D:12 }   Orc:2 (!:!

Portals:
Hell: Depths:5
Pandemonium: Orc:2
Ziggurat: Depths:3

Annotations:
D:13 1 runed translucent door
Lair:6 1 runed translucent door, Prakerore's ghost, journeyman MfSk
Depths:2 1 transporter, exclusion: orange crystal statue
Depths:3 exclusions: angel, daeva and 2 more exclusions


Innate Abilities, Weirdness & Mutations

You are resistant to damage.
You can heal yourself by infusing magical energy.
You resist negative energy. (rN+)
You passively map a large area around you.
You do not regenerate.
You have sharp toenails.
You are surrounded by a mild repulsion field. (EV +2)


Message History

You block the green draconian's attack. The green draconian tail-slaps you!
* * * LOW HITPOINT WARNING * * *
The moth of wrath goads the green draconian on!
The green draconian goes berserk!
The purple draconian shifter blinks!
The storm dragon bites you!
* * * LOW HITPOINT WARNING * * *
The storm dragon claws you but does no damage.
You block the storm dragon's attack. You block the death cob's attack.
The white draconian annihilator mumbles some strange words.
The white draconian annihilator blinks!
The red draconian stormcaller utters an invocation to Qazlal.
You thrash the storm dragon!!
The storm dragon is heavily wounded.
The storm dragon rages.
You block the yellow draconian's attack.
You block the tentacled monstrosity's attack.
The tentacled monstrosity tentacle-slaps you but does no damage. x2
The tentacled monstrosity constricts you.
You block the storm dragon's attack. The storm dragon claws you!
You die...

......#.#..# , * ** ,
y...§...!..# ,.** , , , ,
#..>..!)...#... , , , ,
*#......d/..... , , ,,
##.8#.dX#8.D.. ,, , , , #
##§yd## ... ,, , , *
###§§dDD### #,,#####,,, ,
**##§§.§ydXD≈## *##...## ,
,
*###≈§§..yzX@Xk####.....##,
,.........DXdd..q...))...+,
8.≈..§.§<..dd.≈.8.[.<...+ ,
,,
.....§.........q§..)....+,,
, ,
###≈.........≈####.....##
##≈.......≈## ##...##,, * *
,, ###≈...≈### , #####, *
###≈### , , , * , , ###,, ,
, *, *


You could see 5 tentacled monstrosities, 4 storm dragons, 2 draconians, 2
draconians, 2 draconians, a red draconian (berserk), 2 draconians, a purple
draconian shifter (pain bonded), a death cob, a red draconian stormcaller, a
wind drake (summoned, repels missiles) and 3 moths of wrath.

Vanquished Creatures
  the Royal Jelly (Slime:5)
  An ancient lich (Zot:4)
  3 juggernauts
  Sojobo (Depths:4)
  Margery (Depths:3)
  2 caustic shrikes (Depths:3)
  Nikola (Shoals:3)
  2 golden dragons
  A mutant beast (WizLab)
  2 electric golems
  Rupert (D:15)
  7 tentacled monstrosities
  Jorgrun (D:15)
  2 liches
  2 quicksilver dragons
  A titan (Depths:5)
  20 acid blobs
  3 sphinxes
  5 storm dragons
  Agnes (Spider:1)
  Gastronok (D:9)
  3 tengu reavers
  2 draconian monks
  5 shadow dragons
  Roxanne (D:15)
  3 fire giants
  13 azure jellies
  4 frost giants
  5 draconian scorchers
  2 emperor scorpions (Spider:4)
  3 ghost moths
  A deep elf sorcerer (Depths:3)
  A draconian shifter (Zot:3)
  4 draconian stormcallers
  14 very ugly things
  2 draconian annihilators (Zot:3)
  3 vampire knights
  7 stone giants
  An entropy weaver (Spider:2)
  5 spark wasps
  3 yellow draconians
  3 green draconians
  9 red draconians
  5 purple draconians
  4 black draconians
  3 white draconians
  4 fire dragons
  4 ettins
  2 merfolk javelineers (Shoals:4)
  6 merfolk impalers
  7 death oozes
  An ogre mage (Depths:1)
  3 jiangshi (Depths:5)
  7 ice dragons
  6 great orbs of eyes
  2 yaktaur captains (Depths:5)
  2 rakshasas
  A vault guard (D:13)
  2 spriggan air magi (Depths:3)
  3 hydras
  3 centaur warriors
  2 merfolk avatars
  10 two-headed ogres
  2 merfolk aquamancers (Shoals:4)
  2 satyrs (Shoals:4)
  Erica (Lair:2)
  Urug (Lair:5)
  A queen ant (Lair:3)
  4 death yaks (Lair:3)
  A tengu warrior (Depths:3)
  6 deep troll earth magi
  3 spriggan berserkers
  4 deep troll shamans
  A shock serpent (shapeshifter) (WizLab)
  A vampire mage (Depths:3)
  7 orc high priests
  An iron golem (WizLab)
  10 skeletal warriors (D:13)
  A fire crab (shapeshifter) (WizLab)
  An iron troll (Depths:5)
  3 hell knights
  A sixfirhy (Orc:2)
  9 deep trolls
  An unseen horror (D:13)
  A wizard (D:14)
  An infernal demonspawn (Orc:2)
  A flayed ghost (Depths:3)
  2 torturous demonspawn (Orc:2)
  A swamp dragon (shapeshifter) (WizLab)
  10 sea snakes
  7 harpies (Shoals:4)
  2 necromancers (Depths:3)
  5 orc sorcerers (Orc:2)
  12 orb spiders
  14 wolf spiders
  4 orc knights (Orc:2)
  9 ugly things
  A deep elf mage (D:12)
  7 shining eyes
  8 fauns (Shoals:4)
  2 cyclopes
  A manticore (shapeshifter) (Depths:3)
  A salamander (shapeshifter) (WizLab)
  16 manticores
  11 moths of wrath
  7 large abominations (WizLab)
  34 elephants
  A draconian (Zot:4)
  A guardian serpent (shapeshifter) (WizLab)
  5 black mambas
  3 water nymphs (Shoals:4)
  A merfolk siren (Shoals:4)
  Maurice (Orc:2)
  4 gargoyles
  A torpor snail (Spider:3)
  2 ice statues (IceCv)
  A smoke demon (Depths:3)
  2 centaur zombies
  An orange demon (Depths:3)
  2 kobold demonologists (D:11)
  11 spiny frogs
  A spiny frog (shapeshifter) (WizLab)
  A yaktaur (Volcano)
  4 rime drakes
  A yaktaur (shapeshifter) (WizLab)
  8 komodo dragons
  3 demonic crawlers
  2 polar bears (shapeshifter)
  2 tengu conjurers (D:15)
  11 merfolk
  An ice devil (Orc:2)
  A troll (D:11)
  20 jumping spiders
  A meliai (shapeshifter) (WizLab)
  A red devil (Orc:2)
  A polar bear (Lair:6)
  14 hornets
  3 wind drakes
  A dream sheep (shapeshifter) (WizLab)
  7 blink frogs
  58 slime creatures
  A meliai zombie (D:10)
  8 hippogriffs
  A hornet (shapeshifter) (WizLab)
  A raiju (shapeshifter) (WizLab)
  2 hippogriffs (shapeshifter) (WizLab)
  3 dream sheep (Shoals:3)
  3 snapping turtles
  Sigmund (D:6)
  A spriggan (shapeshifter) (WizLab)
  A spriggan (Depths:3)
  4 shadows
  40 redbacks
  10 tarantellas
  36 yaks
  6 water elementals
  5 wyverns
  A redback (shapeshifter) (D:15)
  A yak (shapeshifter) (WizLab)
  2 humans (shapeshifter) (WizLab)
  3 steam dragons
  3 hungry ghosts
  6 golden eyes (Slime:3)
  A golden eye (shapeshifter) (WizLab)
  5 vampire mosquitoes
  A basilisk (Lair:2)
  Menkaure (D:4)
  20 soldier ants (Lair:3)
  A neqoxec (Orc:2)
  6 wargs
  A soldier ant (shapeshifter) (WizLab)
  An acid dragon (D:11)
  17 water moccasins
  6 small abominations (WizLab)
  4 floating eyes (WizLab)
  5 porcupines
  17 ice beasts
  An ice beast (shapeshifter) (WizLab)
  5 black bears
  28 orc warriors
  A phantom (D:13)
  An eye of draining (shapeshifter) (WizLab)
  3 necrophages (D:10)
  A sky beast (D:11)
  An eye of draining (Slime:4)
  7 ogres
  18 wolves
  13 centaurs
  3 big kobolds
  15 crocodiles
  20 bullfrogs
  A wyvern zombie (D:10)
  3 scorpions
  15 wights
  16 killer bees
  3 electric eels
  9 howler monkeys
  7 crimson imps
  A bullfrog zombie (D:10)
  A jelly (D:12)
  5 hounds
  2 quasits (D:11)
  31 orc priests
  5 centaur skeletons
  An iron imp (Depths:3)
  22 orc wizards
  3 iguanas
  25 worker ants
  A killer bee zombie (D:6)
  A hound zombie (D:5)
  2 mummies (D:10)
  A gnoll (D:1)
  10 adders
  2 howler monkey skeletons
  5 shadow imps
  2 white imps (Depths:3)
  An ooze (D:3)
  3 adder skeletons
  2 worms
  A dart slug (D:3)
  4 leopard geckos
  74 orcs
  2 ball pythons
  3 giant cockroaches
  3 goblins
  2 hobgoblins (D:3)
  10 jackals
  5 quokkas
  5 bats (D:3)
  2 frilled lizards
  8 kobolds
  A leopard gecko zombie (D:7)
  2 rats
  A plant (Shoals:4)
1270 creatures vanquished.

Vanquished Creatures (others)
  A draconian scorcher (Zot:1)
  A stone giant (Depths:5)
  A yaktaur captain (Depths:4)
  A centaur warrior (D:13)
  A vampire mage (Depths:5)
  A spriggan berserker (Depths:4)
  A hell knight (Depths:3)
  3 yaktaurs
  A queen bee (shapeshifter) (Depths:4)
  A dream sheep (Shoals:3)
  2 water elementals (Depths:4)
  3 centaurs
  An orc (D:11)
  3 bushes (Lair:6)
  5 fungi
  12 plants
38 creatures vanquished.

Grand Total: 1308 creatures vanquished

Notes
Turn   | Place    | Note
-------+----------+-------------------------------------------
     0 | D:1      | Flugslaktarn the Deep Dwarf Fighter began the quest for the
                  | Orb.
     0 | D:1      | Reached XP level 1. HP: 20/20 MP: 1/1
    73 | D:1      | Reached XP level 2. HP: 17/27 MP: 2/2
   181 | D:3      | Reached XP level 3. HP: 23/33 MP: 3/3
   206 | D:3      | Reached XP level 4. HP: 41/42 MP: 4/4
   260 | D:3      | Reached skill level 4 in Armour
   264 | D:3      | Reached XP level 5. HP: 36/49 MP: 5/5
   305 | D:4      | Noticed a black bear
   320 | D:4      | Killed a black bear
   320 | D:4      | Reached XP level 6. HP: 38/57 MP: 6/6
   370 | D:4      | Reached skill level 5 in Axes
   490 | D:4      | Noticed Menkaure
   499 | D:4      | Killed Menkaure
   596 | D:4      | Noticed an ice beast
   609 | D:4      | Killed an ice beast
   609 | D:4      | Reached XP level 7. HP: 38/64 MP: 6/6
   623 | D:4      | Reached skill level 5 in Armour
   900 | D:4      | Reached skill level 5 in Shields
   947 | D:5      | Entered Level 5 of the Dungeon
  1672 | D:6      | Noticed Sigmund
  1694 | D:6      | Killed Sigmund
  1706 | D:6      | Found a hide-covered altar of Uskayaw.
  1768 | D:6      | Found a staircase to the Ecumenical Temple.
  1779 | Temple   | Entered the Ecumenical Temple
  1877 | Temple   | Became a worshipper of Uskayaw the Reveler
  1934 | D:6      | Reached XP level 8. HP: 57/73 MP: 7/7
  1934 | D:6      | Reached * piety under Uskayaw
  1942 | D:6      | Reached ** piety under Uskayaw
  2018 | D:6      | Reached skill level 1 in Invocations
  2018 | D:6      | Reached *** piety under Uskayaw
  2049 | D:6      | Found a stormy altar of Qazlal.
  2050 | D:6      | Found a shadowy altar of Dithmenos.
  2050 | D:6      | Found a burning altar of Makhleb.
  2285 | D:6      | Found a white marble altar of Elyvilon.
  2461 | D:6      | Found a shimmering blue altar of Sif Muna.
  2545 | D:7      | Noticed a hippogriff
  2565 | D:7      | Reached **** piety under Uskayaw
  2567 | D:7      | Killed a hippogriff
  2567 | D:7      | Reached skill level 5 in Fighting
  2567 | D:7      | Reached skill level 6 in Armour
  2629 | D:7      | Reached ***** piety under Uskayaw
  2652 | D:7      | Found Abriho Tiace's Food Shop.
  2965 | D:7      | Found a shimmering altar of Xom.
  2967 | D:7      | Found an opulent altar of Gozag.
  2967 | D:7      | Found a shimmering blue altar of Sif Muna.
  2969 | D:7      | Found a hide-covered altar of Uskayaw.
  2969 | D:7      | Found a shimmering altar of Xom.
  2969 | D:7      | Found a basalt altar of Yredelemnul.
  3045 | D:8      | Found a glowing silver altar of Zin.
  3052 | D:8      | Gained mutation: You passively map the area around you.
                  | [Deep Dwarf growth]
  3052 | D:8      | Reached XP level 9. HP: 48/81 MP: 9/9
  3172 | D:8      | Found a white marble altar of Elyvilon.
  3248 | D:8      | Paralysed by a hornet for 3 turns
  3444 | D:8      | Found an opulent altar of Gozag.
  3549 | D:8      | Reached skill level 7 in Armour
  3944 | D:9      | Reached skill level 5 in Invocations
  3951 | D:9      | Found a hazy altar of Hepliaklqana.
  4295 | D:9      | Noticed Gastronok
  4315 | D:9      | Killed Gastronok
  4315 | D:9      | Reached skill level 10 in Axes
  4315 | D:9      | Reached XP level 10. HP: 40/92 MP: 11/11
  4665 | D:10     | Entered Level 10 of the Dungeon
  4707 | D:10     | Noticed a two-headed ogre
  4715 | D:10     | Killed a two-headed ogre
  4715 | D:10     | Reached skill level 8 in Armour
  4749 | D:10     | Found an ornate altar of the Wu Jian Council.
  4899 | D:10     | Found a staircase to the Lair.
  5025 | D:10     | Noticed a gargoyle
  5034 | D:10     | Killed a gargoyle
  5114 | D:10     | Reached XP level 11. HP: 62/100 MP: 13/13
  5552 | D:10     | Noticed a two-headed ogre
  5579 | D:10     | Killed a two-headed ogre
  5747 | D:11     | Noticed a rakshasa
  5765 | D:10     | Reached skill level 9 in Armour
  5778 | D:10     | Reached ****** piety under Uskayaw
  5785 | D:10     | Killed a rakshasa
  5787 | D:11     | Noticed a two-headed ogre
  5793 | D:11     | Killed a two-headed ogre
  6870 | D:12     | Found a shimmering blue altar of Sif Muna.
  6878 | D:12     | Reached XP level 12. HP: 55/110 MP: 11/11
  7127 | D:12     | You fall into a shaft and drop 1 floor!
  7186 | D:13     | Found a frozen archway.
  7197 | D:13     | Reached skill level 10 in Armour
  7205 | IceCv    | Entered an ice cave
  7206 | IceCv    | Found a transporter.
  7218 | IceCv    | Reached skill level 10 in Shields
  7346 | IceCv    | Found a transporter.
  7420 | IceCv    | Got a scintillating lead ring
  7422 | IceCv    | Identified the ring of Jaeguug {rC+ Int+4 Slay+6} (You
                  | found it in an ice cave)
  7456 | D:13     | Found a runed translucent door.
  7457 | D:13     | Found the +2 shield of Resistance {rF+ rC+ MR+}
  7457 | D:13     | Noticed an ice dragon
  7457 | D:13     | Noticed an ice dragon
  7458 | D:13     | Noticed a fire dragon
  7460 | D:13     | Noticed a fire dragon
  7471 | D:13     | Reached skill level 10 in Invocations
  7476 | D:13     | Found a runed translucent door.
  7478 | D:13     | Noticed a centaur warrior
  7486 | D:13     | Killed a centaur warrior
  7526 | D:13     | Killed an ice dragon
  7528 | D:13     | Killed an ice dragon
  7537 | D:13     | Killed a fire dragon
  7538 | D:13     | Killed a fire dragon
  7731 | D:13     | Reached XP level 13. HP: 59/121 MP: 7/9
  8088 | D:12     | Found Vodiudil's Gadget Shoppe.
  8140 | D:12     | Found a staircase to the Orcish Mines.
  8150 | Orc:1    | Entered Level 1 of the Orcish Mines
  8290 | Orc:2    | Entered Level 2 of the Orcish Mines
  8290 | Orc:2    | Noticed Maurice
  8298 | Orc:2    | Killed Maurice
  8450 | Orc:1    | Reached skill level 11 in Armour
  8470 | Orc:2    | Gained mutation: You are frail. (-10% HP) [a neqoxec]
  8673 | Orc:2    | Found a roughly hewn altar of Beogh.
  8683 | Orc:2    | Found a staircase to the Elven Halls.
  8889 | Orc:2    | Found Qagrigana's Distillery.
  8891 | Orc:2    | Found Riteazaa's Distillery.
  9011 | Orc:2    | Reached skill level 15 in Axes
  9060 | Orc:2    | Bought 2 potions of mutation for 208 gold pieces
  9060 | Orc:2    | Lost mutation: You are frail. (-10% HP) [potion of
                  | mutation]
  9060 | Orc:2    | Gained mutation: You expend magic power (3 MP) to
                  | strengthen your wands. [potion of mutation]
  9060 | Orc:2    | Gained mutation: Armour fits poorly on your strangely
                  | shaped body. [potion of mutation]
  9060 | Orc:2    | Gained mutation: You have a pair of small horns on your
                  | head. [potion of mutation]
  9061 | Orc:2    | Lost mutation: You have a pair of small horns on your head.
                  | [potion of mutation]
  9061 | Orc:2    | Lost mutation: You expend magic power (3 MP) to strengthen
                  | your wands. [potion of mutation]
  9061 | Orc:2    | Lost mutation: Armour fits poorly on your strangely shaped
                  | body. [potion of mutation]
  9061 | Orc:2    | Gained mutation: Armour fits poorly on your strangely
                  | shaped body. [potion of mutation]
  9061 | Orc:2    | Gained mutation: You are frail. (-10% HP) [potion of
                  | mutation]
  9061 | Orc:2    | Gained mutation: You have an increased reservoir of magic.
                  | (+10% MP) [potion of mutation]
  9161 | Orc:2    | Found Emaju's Antique Weapon Emporium.
  9161 | Orc:2    | Found Ixud's Book Shoppe.
  9161 | Orc:2    | Found a one-way gate leading to the halls of Pandemonium.
  9175 | Orc:2    | Bought a glowing war axe for 234 gold pieces
  9565 | Lair:1   | Entered Level 1 of the Lair of Beasts
  9680 | Lair:1   | Reached skill level 10 in Fighting
  9774 | Lair:1   | Gained mutation: You resist negative energy. (rN+) [Deep
                  | Dwarf growth]
  9774 | Lair:1   | Reached XP level 14. HP: 118/118 MP: 10/10
  9777 | Lair:1   | Reached skill level 1 in Maces & Flails
  9812 | Lair:2   | Noticed Erica
  9829 | Lair:2   | Killed Erica
 10126 | Lair:2   | Found a dark tunnel.
 10131 | Volcano  | Entered a volcano
 10150 | Volcano  | Found a burning altar of Makhleb.
 10544 | Lair:2   | You fall into a shaft and drop 2 floors!
 10820 | Lair:4   | Lost mutation: You have an increased reservoir of magic.
                  | (+10% MP) [potion of mutation]
 10820 | Lair:4   | Lost mutation: You are frail. (-10% HP) [potion of
                  | mutation]
 10820 | Lair:4   | Lost mutation: Armour fits poorly on your strangely shaped
                  | body. [potion of mutation]
 10820 | Lair:4   | Gained mutation: Armour fits poorly on your strangely
                  | shaped body. [potion of mutation]
 10820 | Lair:4   | Gained mutation: You are weak. (Str -2) [potion of
                  | mutation]
 10820 | Lair:4   | Gained mutation: You passively map a large area around you.
                  | [potion of mutation]
 10820 | Lair:4   | Gained mutation: You are agile. (Dex +2) [potion of
                  | mutation]
 10882 | Lair:4   | Reached skill level 12 in Armour
 11333 | Lair:3   | Got a pair of warped boots
 11339 | Lair:3   | Identified the cursed +0 pair of boots "Jibah" {MR+++ rCorr
                  | Dex+2 Stlth-} (You found it on level 3 of the Lair of
                  | Beasts)
 11822 | Lair:3   | Found a hole to the Spider Nest.
 12134 | Lair:2   | Found a staircase to the Shoals.
 12474 | Lair:5   | Reached skill level 5 in Maces & Flails
 12525 | Lair:5   | Reached XP level 15. HP: 140/140 MP: 10/10
 12832 | Lair:5   | Noticed Urug
 12853 | Lair:5   | Killed Urug
 13209 | Lair:6   | Entered Level 6 of the Lair of Beasts
 13325 | Lair:6   | Reached skill level 13 in Armour
 13511 | Lair:6   | HP: 7/142 [drowned by a drowned soul[a merfolk avatar]
                  | (13)]
 13519 | Lair:6   | Got a faintly glowing sapphire amulet
 13531 | Lair:6   | Identified the amulet of Okhlos {Harm *Drain rPois rF-
                  | Int+4} (You found it on level 6 of the Lair of Beasts)
 13748 | Lair:6   | Found a runed translucent door.
 13748 | Lair:6   | Noticed Prakerore's ghost (journeyman MfSk)
 13751 | Lair:6   | Identified the +7 trident of Resourcefulness {freeze,
                  | *Drain Int+4 Dex+4}
 13829 | Lair:6   | Found a staircase to the Slime Pits.
 14619 | D:13     | Found a gate to the Vaults.
 14943 | D:15     | Entered Level 15 of the Dungeon
 15010 | D:15     | Noticed Jorgrun
 15010 | D:15     | Noticed Rupert
 15031 | D:15     | Killed Jorgrun
 15049 | D:15     | Killed Rupert
 15066 | D:15     | Identified Roxanne's Catalogue of Transmigration
 15066 | D:15     | Noticed Roxanne
 15076 | D:15     | Found a staircase to the Depths.
 15140 | D:15     | Killed Roxanne
 15454 | Spider:1 | Entered Level 1 of the Spider Nest
 15480 | Spider:1 | Noticed Agnes
 15496 | Spider:1 | Killed Agnes
 15496 | Spider:1 | Reached XP level 16. HP: 152/152 MP: 12/12
 15800 | Spider:2 | Reached skill level 15 in Invocations
 15871 | Spider:2 | Reached skill level 14 in Armour
 16209 | Spider:4 | Entered Level 4 of the Spider Nest
 16998 | Spider:4 | Got a gossamer rune of Zot
 17322 | Shoals:1 | Entered Level 1 of the Shoals
 17474 | Shoals:2 | Lost mutation: You are agile. (Dex +2) [potion of mutation]
 17474 | Shoals:2 | Lost mutation: You are weak. (Str -2) [potion of mutation]
 17474 | Shoals:2 | Gained mutation: You are clumsy. (Dex -2) [potion of
                  | mutation]
 17474 | Shoals:2 | Gained mutation: You have an increased reservoir of magic.
                  | (+10% MP) [potion of mutation]
 17619 | Shoals:3 | Reached skill level 15 in Armour
 17694 | Shoals:3 | Reached skill level 15 in Shields
 17709 | Shoals:3 | Noticed Nikola
 17750 | Shoals:3 | Killed Nikola
 17762 | Shoals:4 | Entered Level 4 of the Shoals
 17771 | Shoals:4 | Reached XP level 17. HP: 100/163 MP: 14/14
 18158 | Shoals:4 | Reached skill level 16 in Armour
 18169 | Shoals:4 | Got a barnacled rune of Zot
 18412 | Slime:1  | Entered Level 1 of the Pits of Slime
 18424 | Slime:1  | Gained mutation: You are frail. (-10% HP) [a shining eye]
 18442 | Slime:2  | Noticed an acid blob
 18442 | Slime:2  | Noticed an acid blob
 18451 | Slime:2  | Killed an acid blob
 18452 | Slime:2  | Noticed an acid blob
 18456 | Slime:2  | Killed an acid blob
 18471 | Slime:2  | Killed an acid blob
 18500 | Slime:2  | Noticed an acid blob
 18505 | Slime:2  | Gained mutation: You are very frail. (-20% HP) [a shining
                  | eye]
 18510 | Slime:2  | Killed an acid blob
 18516 | Slime:2  | Gained mutation: Your spells are a little easier to cast,
                  | but a little less powerful. [a shining eye]
 18572 | Slime:4  | Noticed an acid blob
 18580 | Slime:4  | Killed an acid blob
 18586 | Slime:5  | Entered Level 5 of the Pits of Slime
 18628 | Slime:5  | Noticed an acid blob
 18652 | Slime:5  | Killed an acid blob
 18670 | Slime:5  | Lost mutation: You are clumsy. (Dex -2) [a shining eye]
 18678 | Slime:5  | Lost mutation: You have an increased reservoir of magic.
                  | (+10% MP) [a shining eye]
 18779 | Slime:5  | Found a viscous altar of Jiyva.
 18780 | Slime:5  | Noticed an acid blob
 18780 | Slime:5  | Noticed an acid blob
 18780 | Slime:5  | Noticed the Royal Jelly
 18799 | Slime:5  | Noticed an acid blob
 18801 | Slime:5  | Noticed an acid blob
 18812 | Slime:5  | Killed an acid blob
 18813 | Slime:5  | Noticed an acid blob
 18814 | Slime:5  | Noticed an acid blob
 18819 | Slime:5  | Reached skill level 17 in Armour
 18820 | Slime:5  | Killed an acid blob
 18820 | Slime:5  | Killed an acid blob
 18820 | Slime:5  | Killed an acid blob
 18820 | Slime:5  | Killed an acid blob
 18821 | Slime:5  | Noticed an acid blob
 18822 | Slime:5  | Noticed an acid blob
 18822 | Slime:5  | Killed an acid blob
 18823 | Slime:5  | Noticed an acid blob
 18826 | Slime:5  | Noticed an acid blob
 18826 | Slime:5  | Killed the Royal Jelly
 18826 | Slime:5  | Reached skill level 15 in Fighting
 18826 | Slime:5  | Mutation became permanent: You passively map the area
                  | around you. [Deep Dwarf growth]
 18826 | Slime:5  | Gained mutation: You passively map a large area around you.
                  | [Deep Dwarf growth]
 18826 | Slime:5  | Reached XP level 18. HP: 70/142 MP: 11/11
 18971 | Slime:5  | Found the +10 dark maul {vorpal}
 19040 | Slime:5  | Got a heavily runed wooden ring
 19104 | Slime:5  | Got a slimy rune of Zot
 19580 | Depths:1 | Entered Level 1 of the Depths
 19583 | Depths:1 | Identified the ring of Elietas {Fire Int+4} (You found it
                  | on level 5 of the Pits of Slime)
 19667 | Depths:1 | Reached skill level 18 in Armour
 19768 | Depths:2 | Found the ring of Robustness {AC+8}
 19768 | Depths:2 | Found a transporter.
 19769 | Depths:2 | Noticed a juggernaut
 19773 | Depths:3 | Found a magical portal.
 19820 | WizLab   | Entered Cigotuvi's Fleshworks
 20304 | WizLab   | Paralysed by a floating eye for 3 turns
 20333 | WizLab   | Paralysed by a floating eye for 4 turns
 20453 | WizLab   | Got a glittering bronze ring
 20459 | WizLab   | Identified the ring "Xomolosi" {*Tele rC+ Str+5} (You found
                  | it in a wizard's laboratory)
 20461 | WizLab   | Lost mutation: You are very frail. (-20% HP) [potion of
                  | mutation]
 20461 | WizLab   | Lost mutation: Armour fits poorly on your strangely shaped
                  | body. [potion of mutation]
 20461 | WizLab   | Gained mutation: You expend magic power (3 MP) to
                  | strengthen your wands. [potion of mutation]
 20461 | WizLab   | Gained mutation: You have sharp fingernails. [potion of
                  | mutation]
 20461 | WizLab   | Gained mutation: You are very frail. (-20% HP) [potion of
                  | mutation]
 20461 | WizLab   | Gained mutation: You are resistant to hostile enchantments.
                  | (MR+) [potion of mutation]
 20462 | WizLab   | Lost mutation: You expend magic power (3 MP) to strengthen
                  | your wands. [potion of mutation]
 20462 | WizLab   | Lost mutation: You have sharp fingernails. [potion of
                  | mutation]
 20462 | WizLab   | Lost mutation: You are resistant to hostile enchantments.
                  | (MR+) [potion of mutation]
 20462 | WizLab   | Gained mutation: You can translocate small distances at
                  | will. [potion of mutation]
 20462 | WizLab   | Gained mutation: You are somewhat resistant to further
                  | mutation. [potion of mutation]
 20463 | WizLab   | Lost mutation: You are somewhat resistant to further
                  | mutation. [potion of mutation]
 20463 | WizLab   | Lost mutation: Your spells are a little easier to cast, but
                  | a little less powerful. [potion of mutation]
 20463 | WizLab   | Lost mutation: You are very frail. (-20% HP) [potion of
                  | mutation]
 20463 | WizLab   | Gained mutation: You have sharp toenails. [potion of
                  | mutation]
 20463 | WizLab   | Gained mutation: You are partially covered in thin metallic
                  | scales. (AC +2) [potion of mutation]
 20464 | WizLab   | Lost mutation: You are frail. (-10% HP) [potion of
                  | mutation]
 20464 | WizLab   | Lost mutation: You can translocate small distances at will.
                  | [potion of mutation]
 20464 | WizLab   | Lost mutation: You are partially covered in thin metallic
                  | scales. (AC +2) [potion of mutation]
 20464 | WizLab   | Gained mutation: You are surrounded by a mild repulsion
                  | field. (EV +2) [potion of mutation]
 20680 | Depths:3 | Noticed a caustic shrike
 20681 | Depths:3 | Noticed a tentacled monstrosity
 20690 | Depths:3 | Killed a caustic shrike
 20714 | Depths:3 | Killed a tentacled monstrosity
 20714 | Depths:3 | Reached skill level 19 in Armour
 20723 | Depths:3 | Reached XP level 19. HP: 190/190 MP: 12/12
 20738 | Depths:3 | Noticed a caustic shrike
 20809 | Depths:3 | Killed a caustic shrike
 20948 | Depths:3 | You fall into a shaft and drop 1 floor!
 20948 | Depths:4 | Noticed a golden dragon
 20967 | Depths:4 | HP: 8/190 [spriggan berserker/+0 hand axe (31)]
 20972 | Depths:4 | Noticed Sojobo
 20980 | Depths:3 | Found a gateway to a ziggurat.
 21086 | Depths:3 | Noticed Margery
 21111 | Depths:3 | Killed Margery
 21393 | Depths:4 | Killed Sojobo
 21415 | Depths:4 | Killed a golden dragon
 21462 | Depths:4 | Reached skill level 20 in Armour
 21601 | Depths:5 | Entered Level 5 of the Depths
 21601 | Depths:5 | Noticed a lich
 21617 | Depths:5 | Killed a lich
 21759 | Depths:5 | Found a gateway to Hell.
 22274 | Depths:5 | Reached XP level 20. HP: 193/204 MP: 6/6
 22307 | Depths:5 | Noticed a juggernaut
 22342 | Depths:5 | Killed a juggernaut
 22370 | Depths:5 | Noticed a juggernaut
 22402 | Depths:5 | Killed a juggernaut
 22402 | Depths:5 | Reached skill level 21 in Armour
 22545 | Depths:5 | Noticed a golden dragon
 22546 | Depths:5 | Found a gate to the Realm of Zot.
 22552 | Depths:5 | Killed a golden dragon
 22622 | Zot:1    | Entered Level 1 of the Realm of Zot
 22981 | Zot:3    | Reached skill level 22 in Armour
 23029 | Zot:3    | Reached XP level 21. HP: 191/216 MP: 5/5
 23136 | Zot:4    | Noticed an ancient lich
 23142 | Zot:4    | Noticed a juggernaut
 23190 | Zot:4    | Killed an ancient lich
 23194 | Zot:4    | Killed a juggernaut
 23282 | Zot:4    | HP: 15/327 [storm dragon (16)]
 23283 | Zot:4    | HP: 2/327 [storm dragon (8)]
 23284 | Zot:4    | Demolished by a storm dragon

Illustrated notes

Levels and vault maps discovered:
D:1:      minmay_arrival_radiant_lines, layout_loops_corners, hex_tiny
D:2:      layout_basic
D:3:      layout_rooms, first_ration
D:4:      layout_loops_ring, uniq_menkaure
D:5:      layout_loops_ring
D:6:      layout_loops_ring, lemuel_doored_altar,
          grunt_temple_overflow_cloverleaf, minmay_temple_entry_waves,
          basic_altar, uniq_sigmund
D:7:      layout_rooms, serial_shops, shop, doesnt_xom_only_xom
D:8:      layout_cave_pods, nicolae_gozag_cash_rules_everything_around_me,
          basic_altar, grunt_ogre_cave, elyvilon_altar_5
D:9:      layout_basic, basic_altar, minmay_quadrilaterals, uniq_gastronok
D:10:     minmay_goldmine, layout_long_grid, erik_lair_orcish_takeover,
          serial_undead, serial_undead_a, serial_undead_c, serial_undead_d,
          serial_undead_c, serial_undead_d, serial_undead_e, serial_undead_e,
          basic_altar
D:11:     layout_long_grid
D:12:     minmay_general_purpose_star, layout_basic, orc_0_dummy, serial_shops,
          nicolae_shop_waterfront, lemuel_tele_altar
D:13:     layout_gridville, david_vaults_5, portal_ice_cave_entry_ice_beasts,
          minmay_guarded_unrand_resistance
D:14:     layout_irregular_city, serial_park_paths
          [serial_park_minivault_5x5_2], tgw_sif
D:15:     hangedman_depths_entry_try_elsewhere_first, layout_rooms,
          corexii_hall_statues_x, minmay_evil_grid, uniq_roxanne, uniq_rupert,
          uniq_jorgrun
Temple:   compressed_dpeg_circular_temple
Lair:1:   layout_long_grid, cheibrodos_lair_caveside_slide,
          infiniplex_staircase_pool_2
Lair:2:   layout_small_grid, minmay_shoals_entry_hut,
          nicolae_volcano_entry_s_turn, uniq_erica
Lair:3:   layout_misc_corridors, spider_nest_entry_web_field, minivault_29,
          grunt_megastairs_4
Lair:4:   layout_long_grid, grunt_megastairs_5
Lair:5:   beast_lair_carwin_large_1, layout_concentric_octagons,
          infiniplex_staircase_pool, uniq_urug
Lair:6:   gammafunk_lair_ancient_temple, layout_long_grid, slime_dummy,
          ebering_ghost_funeral_grove, serial_rivers,
          chequers_serial_rivers_large_a, chequers_serial_rivers_room_b,
          chequers_serial_rivers_marsh, chequers_serial_rivers_room_b,
          chequers_serial_rivers_marsh, chequers_serial_rivers_large_b,
          minivault_27
Shoals:1: layout_shoals
Shoals:2: nzn_motion_control, layout_shoals
Shoals:3: layout_shoals, uniq_nikola
Shoals:4: shoals_end_grunt_garden, layout_shoals
Spider:1: layout_spider_delve, uniq_agnes
Spider:2: layout_chambers
Spider:3: layout_spider_delve, worms_lemuel
Spider:4: spider_rune_water, nicolae_spider_cling_ruins
Slime:1:  layout_caves
Slime:2:  layout_caves
Slime:3:  layout_caves
Slime:4:  layout_caves
Slime:5
Orc:1:    layout_diamond_mine
Orc:2:    pf_orc_diabolical, layout_caves, mines2_david, uniq_maurice
Depths:1: layout_basic, pan_entry, pf_coc_iceberg, ebering_ghost_inner_flame,
          nicolae_twisting_strands
Depths:2: gammafunk_sealed_arena, layout_cave_pools, abyss_entry_flame_altar,
          chequers_decorated_corner, pf_hell_entry_tar_spiral,
          infiniplex_staircase_door_maze
Depths:3: little_maze_vault, layout_small_grid, enter_ziggurat_c,
          lightli_too_deep, infiniplex_enter_wizlab_water,
          minmay_misc_feat_alley, grunt_pan_entry_in_and_out,
          infiniplex_staircase_diamond, uniq_margery
Depths:4: minmay_crystal_thing, layout_cave_pools, abyss_entry, hell_entry,
          nrook_mini_backslash, kennysheep_underground_church,
          infiniplex_staircase_zigzag_1, serial_bayou_shore_b, uniq_sojobo
Depths:5: grunt_runaround [grunt_runaround_doors_1, grunt_runaround_doors_2,
          grunt_runaround_doors_3, grunt_runaround_doors_4,
          grunt_runaround_zot], hell_entry
Zot:1:    layout_basic
Zot:2:    kennysheep_ambush_hall, layout_gridlike, st_stairs_11,
          st_small_dragon_hoard_1, lemuel_baited_zot_trap
Zot:3:    layout_gridlike
Zot:4:    ebering_greatest_show_in_zot, layout_onion_interference, st_stairs_11

Skill      XL: |  1  2  3  4  5  6  7  8  9 10 11 12 13 14 15 16 17 18 19 20 |
---------------+-------------------------------------------------------------+-----
Axes           | 3 4 5 6 8 10 11 12 14 15 | 15.2
Fighting       | 3 4 5 6 7 8 9 10 11 13 15 16 17 19 | 19.8
Armour         | 4 5 6 7 8 9 10 11 12 13 15 17 19 20 22 | 22.7
Shields        | 4 5 6 7 8 9 10 11 12 13 15 | 15.0
Invocations    | 3 6 7 9 10 12 13 14 15 | 15.0
Maces & Flails | 5 7 |  7.8

Action                   |  1- 3 |  4- 6 |  7- 9 | 10-12 | 13-15 | 16-18 | 19-21 || total
-------------------------+-------+-------+-------+-------+-------+-------+-------++-------
Melee: War axe           |    47 |    82 |   391 |   736 |   280 |       |       ||  1536
       Demon whip        |       |       |       |       |  1233 |  1627 |  1132 ||  3992
Throw: Throwing net      |       |       |       |       |       |     1 |       ||     1
Invok: Stomp             |       |       |       |     1 |       |       |       ||     1
 Abil: Heal Wounds       |     2 |     4 |    14 |    36 |    24 |     8 |    26 ||   114
Evoke: Wand              |       |       |       |       |       |     2 |       ||     2
  Use: Potion            |       |       |     1 |     3 |     6 |     7 |     4 ||    21
       Scroll            |       |       |    19 |     3 |     9 |    18 |    14 ||    63
 Stab: Paralysed         |       |       |    22 |    75 |   193 |   157 |   125 ||   572
       Held in net/web   |       |       |       |       |       |     1 |       ||     1
       Confused          |       |       |       |       |       |       |     2 ||     2
  Eat: Chunk             |       |       |    18 |    11 |    15 |     5 |     7 ||    56
       Ration            |       |       |       |     2 |     4 |     3 |     1 ||    10
Armor: Scale mail        |    45 |    48 |   125 |       |       |       |       ||   218
       Plate armour      |       |       |    49 |   476 |   453 |   539 |   619 ||  2136
Dodge: Dodged            |    37 |    24 |    48 |    67 |   172 |   226 |   286 ||   860
Block: Kite shield       |    43 |    51 |     4 |    27 |  1109 |  1120 |   959 ||  3313
       Tower shield      |       |       |   328 |   785 |       |       |       ||  1113
       Reflection        |       |       |       |    24 |    27 |    22 |    18 ||    91

Table legend:
 A = Non-vault XP
 B = Vault XP
 C = Vault XP percentage of total XP
 D = Non-vault monster count
 E = Vault monster count
 F = Vault count percentage of total count
                 A         B        C        D         E       F
            +---------+---------+-------+---------+---------+-------
      Total |  278663 |  360758 |  56.4 |     769 |     492 |  39.0
            +---------+---------+-------+---------+---------+-------
        D:1 |      18 |       0 |   0.0 |       2 |       0 |   0.0
        D:2 |      12 |       0 |   0.0 |       5 |       0 |   0.0
        D:3 |     181 |       0 |   0.0 |      27 |       0 |   0.0
        D:4 |     500 |     172 |  25.6 |      11 |       1 |   8.3
        D:5 |     244 |       0 |   0.0 |       9 |       0 |   0.0
        D:6 |     418 |     231 |  35.6 |      20 |       1 |   4.8
        D:7 |     967 |       0 |   0.0 |      24 |       0 |   0.0
        D:8 |    1362 |     118 |   8.0 |      27 |       1 |   3.6
        D:9 |     594 |    2357 |  79.9 |      10 |       3 |  23.1
       D:10 |    4585 |    2229 |  32.7 |      17 |      35 |  67.3
       D:11 |    5286 |       0 |   0.0 |      45 |       0 |   0.0
       D:12 |    5479 |    1204 |  18.0 |      44 |       5 |  10.2
       D:13 |   14145 |    7381 |  34.3 |      36 |      16 |  30.8
       D:14 |    3363 |       0 |   0.0 |      13 |       0 |   0.0
       D:15 |    3144 |    9251 |  74.6 |      12 |       7 |  36.8
     Lair:1 |    1956 |       0 |   0.0 |      13 |       0 |   0.0
     Lair:2 |    4037 |    1111 |  21.6 |      16 |       2 |  11.1
     Lair:3 |   11274 |    5340 |  32.1 |      35 |      43 |  55.1
     Lair:4 |    2973 |    2762 |  48.2 |      16 |       7 |  30.4
     Lair:5 |    7368 |    5595 |  43.2 |      28 |      11 |  28.2
     Lair:6 |    8912 |   11508 |  56.4 |      32 |      29 |  47.5
   Shoals:1 |    3263 |       0 |   0.0 |       4 |       0 |   0.0
   Shoals:2 |     882 |       0 |   0.0 |       3 |       0 |   0.0
   Shoals:3 |    8161 |    4152 |  33.7 |      14 |       1 |   6.7
   Shoals:4 |   14055 |   14332 |  50.5 |      27 |      24 |  47.1
   Spider:1 |    8512 |    2120 |  19.9 |      28 |       1 |   3.4
   Spider:2 |   10899 |       0 |   0.0 |      31 |       0 |   0.0
   Spider:3 |    3082 |       0 |   0.0 |      10 |       0 |   0.0
   Spider:4 |    2834 |   20001 |  87.6 |       8 |      39 |  83.0
    Slime:1 |    3240 |       0 |   0.0 |       9 |       0 |   0.0
    Slime:2 |   13034 |       0 |   0.0 |      12 |       0 |   0.0
    Slime:3 |    2490 |       0 |   0.0 |      11 |       0 |   0.0
    Slime:4 |    6699 |       0 |   0.0 |      11 |       0 |   0.0
    Slime:5 |   14770 |   33537 |  69.4 |      25 |      12 |  32.4
      Orc:1 |    1276 |     142 |  10.0 |      10 |       3 |  23.1
      Orc:2 |    2246 |   17221 |  88.5 |      29 |      65 |  69.1
   Depths:1 |    8164 |       0 |   0.0 |       9 |       0 |   0.0
   Depths:2 |     426 |       0 |   0.0 |       2 |       0 |   0.0
   Depths:3 |   16659 |   36988 |  68.9 |      17 |      32 |  65.3
   Depths:4 |   23884 |    9824 |  29.1 |      23 |       3 |  11.5
   Depths:5 |       0 |   99106 | 100.0 |       0 |      66 | 100.0
      Zot:1 |   12970 |       0 |   0.0 |      12 |       0 |   0.0
      Zot:2 |    9993 |    4574 |  31.4 |       8 |       3 |  27.3
      Zot:3 |   33830 |    3353 |   9.0 |      23 |       1 |   4.2
      Zot:4 |     476 |   34316 |  98.6 |       1 |      13 |  92.9
      IceCv |       0 |    2454 | 100.0 |       0 |      10 | 100.0
    Volcano |       0 |    2888 | 100.0 |       0 |       8 | 100.0
     WizLab |       0 |   26491 | 100.0 |       0 |      50 | 100.0
            +---------+---------+-------+---------+---------+-------
